 Dungeon Crawl Stone Soup version 0.27-a0-488-g88baaf19db (webtiles) character file.

Game seed: 16554798030863129702

1494 HoaS the Martial Artist (level 8, -1/66 HPs)
             Began as a Demigod Gladiator on Mar 1, 2021.
             Slain by a lemure (5 damage)
             ... led by Pikel
             ... on level 7 of the Dungeon.
             The game lasted 00:12:40 (7094 turns).

HoaS the Martial Artist (Demigod Gladiator)         Turns: 7094, Time: 00:12:41

Health: -1/66      AC: 17    Str: 19    XL:     8   Next: 26%
Magic:  10/10      EV:  8    Int: 10    God:
Gold:   348        SH:  0    Dex: 19    Spells: 7/7 levels left

rFire    . . .     SeeInvis .     - Unarmed
rCold    . . .     Faith    .   (no shield)
rNeg     . . .     Spirit   .   n - +0 plate armour
rPois    .         Reflect  .   b - +1 helmet
rElec    .         Harm     .   (no cloak)
rCorr    .         Rampage  .   (no gloves)
Will     .....                  (no boots)
Stlth    ..........             (no amulet)
HPRegen  0.21/turn              f - +4 ring of protection
MPRegen  0.12/turn              (no ring)

@: marked
A: high mp 1
a: no special abilities


You were on level 7 of the Dungeon.
You visited 1 branch of the dungeon, and saw 8 of its levels.

You collected 348 gold pieces.

Inventory:

Missiles
 c - a throwing net (quivered)
 k - 2 boomerangs of dispersal
 o - 4 boomerangs
Armour
 b - a +1 helmet (worn)
 n - a +0 plate armour (worn)
 p - a +1 crystal plate armour
Jewellery
 a - a ring of fire
 f - a +4 ring of protection (left hand)
Scrolls
 j - a scroll of enchant armour
 m - a scroll of magic mapping
Potions
 d - 2 potions of mutation
 e - a potion of lignification
 g - 7 potions of heal wounds
 h - a potion of ambrosia
 i - 2 potions of attraction
 l - 2 potions of flight
 q - a potion of curing


   Skills:
 + Level 3.7 Fighting
 - Level 1.7 Throwing
 + Level 3.2 Armour
 + Level 4.3 Dodging
 * Level 11.5 Unarmed Combat


You had 7 spell levels left.
You didn't know any spells.
Your spell library contained the following spells:

 Spells                   Type           Power        Failure   Level
 Beastly Appendage        Tmut           0%           100%        1
 Wereblood                Tmut           0%           100%        2
 Spider Form              Tmut/Pois      0%           100%        3
 Ice Form                 Ice/Tmut       0%           100%        4
 Blade Hands              Tmut           0%           100%        5


Dungeon Overview and Level Annotations

Branches:
Dungeon (8/15)
 Temple: D:4-7         Lair: D:8-11

Annotations:
D:7 Harold, Pikel


Innate Abilities, Weirdness & Mutations

You have an increased reservoir of magic. (+10% MP)


Message History

An orc wizard comes into view. It is wielding a +0 dagger.
Harold hits you with a +0 hand axe!
* * * LOW HITPOINT WARNING * * *
The ufetubus barely misses you.
The ufetubus hits you but does no damage.
You hit Harold.
Harold is lightly wounded.
A howler monkey comes into view.
The ufetubus barely misses you. x2
Harold gestures at you while chanting. The mark upon you grows brighter.
You hit Harold.
Harold is lightly wounded.
The orc priest mumbles some strange prayers to Beogh against you.
Beogh smites you!
* * * LOW HITPOINT WARNING * * *
The ufetubus barely misses you. x2
An orc wizard comes into view. It is wielding a +0 dagger.
An orc comes into view. It is wielding a +0 mace.
You hit Harold. Your punch misses Harold.
Harold is lightly wounded.
Harold barely misses you.
The ufetubus hits you but does no damage. x2
The howler monkey hoots and howls with incredible vigour!
An orc comes into view. It is wielding a +0 hand axe.
You hear an angry hiss.
You hear a shout! x2; You hear a howl!
You hear a shout!
You hear an angry hiss. x2; You hear a shout!
You hear an angry hiss.
You hit Harold but do no damage. You punch Harold.
Harold is lightly wounded.
The ufetubus hits you but does no damage. x2
Harold hits you but does no damage.
The howler monkey hoots and howls with incredible vigour!
The ufetubus hits you but does no damage. x2
Harold hits you but does no damage.
The ufetubus hits you but does no damage. x2
You climb upwards.
Level annotation: Pikel Pikel hits you but does no damage.
The lemure hits you.
You die...

#.# #.# #5# #5#
##### #.# #...#
#.# #...# ####
#.####...######...
#5@...........#.##
#@K...............
#5##..........#...
#.##.##########...
#.##.# #........
#.##.# ##.###.<.
#.##.# #.# ####
#.##.# #.# #.#..#
##.###### ..#
#........


You could see Harold, Pikel, 3 lemures and an ufetubus.

Vanquished Creatures
  3 orc warriors (D:6)
  2 ogres
  2 centaurs
  Blork the orc (D:7)
  3 scorpions
  A howler monkey (D:5)
  A hound (D:2)
  A jelly (D:6)
  An orc priest (D:4)
  4 orc wizards
  A worker ant (D:6)
  11 gnolls
  8 adders
  A white imp (D:7)
  3 oozes
  2 adder skeletons (D:4)
  5 worms
  A dart slug (D:2)
  4 leopard geckos
  12 orcs
  8 giant cockroaches
  9 goblins
  8 hobgoblins
  6 quokkas
  A ball python (D:4)
  9 bats
  7 frilled lizards
  4 kobolds
  A quokka skeleton (D:6)
  10 rats
130 creatures vanquished.

Notes
Turn   | Place    | Note
-------+----------+-------------------------------------------
     0 | D:1      | HoaS the Demigod Gladiator began the quest for the Orb.
     0 | D:1      | Reached XP level 1. HP: 17/17 MP: 3/3
   372 | D:1      | Reached XP level 2. HP: 21/24 MP: 4/4
   393 | D:1      | Reached skill level 3 in Unarmed Combat
  1040 | D:1      | Reached XP level 3. HP: 29/29 MP: 5/5
  1232 | D:2      | Reached skill level 1 in Armour
  1501 | D:2      | Reached XP level 4. HP: 21/37 MP: 6/6
  2054 | D:2      | Reached skill level 10 in Unarmed Combat
  2054 | D:2      | Reached XP level 5. HP: 42/42 MP: 7/7
  2119 | D:2      | Found a stormy altar of Qazlal.
  2885 | D:3      | Reached skill level 11 in Unarmed Combat
  3069 | D:3      | Reached XP level 6. HP: 50/50 MP: 8/8
  3115 | D:3      | Found a glowing drain.
  3894 | D:4      | Found a bloodstained altar of Trog.
  4144 | D:5      | Entered Level 5 of the Dungeon
  4426 | D:5      | Found a hazy altar of Hepliaklqana.
  4427 | D:5      | Found a shimmering altar of Xom.
  4430 | D:5      | Noticed a spectral ugly thing
  4640 | D:5      | Found an ornate altar of the Wu Jian Council.
  4656 | D:5      | Reached XP level 7. HP: 57/57 MP: 9/9
  5727 | D:6      | Found a broken altar of Ashenzari.
  6199 | D:6      | Reached XP level 8. HP: 51/63 MP: 10/10
  6996 | D:7      | Noticed Blork the orc
  7006 | D:7      | Killed Blork the orc
  7012 | D:7      | Found a shimmering blue altar of Sif Muna.
  7063 | D:7      | Noticed Harold
  7063 | D:7      | Noticed Pikel
  7090 | D:8      | HP: 3/66 [orc priest/divine providence (12)]
  7094 | D:7      | Slain by a lemure

Illustrated notes

Levels and vault maps discovered:
D:1:      scummos_arrival_checkerplants, layout_basic
D:2:      layout_basic, lemuel_coloured_pillars_altar
D:3:      layout_loops_ring, gup_sewer_entry_spiral, minmay_goblin_kobold_house
D:4:      layout_basic, grunt_ministairs_6, dk_noncrumbling_3,
          trog_three_pillars_becter
D:5:      layout_loops_ring, regret_index_temple_of_mockery,
          nzn_wu_jian_contemplation
D:6:      layout_loops_corners, kennysheep_mini
D:7:      layout_basic, tgw_sif, temple_fountains, uniq_joseph, uniq_pikel,
          uniq_harold
D:8:      layout_cave_pools, lair_entry_dummy

Skill      XL: |  1  2  3  4  5  6  7  8 |
---------------+-------------------------+-----
Fighting       | 2 3 |  3.7
Unarmed Combat | 3 10 11 | 11.5
Armour         | 1 2 3 |  3.2
Dodging        | 3 4 |  4.3
Throwing       | |  1.7

Action                   |  1- 3 |  4- 6 |  7- 9 || total
-------------------------+-------+-------+-------++-------
Melee: Unarmed           |   161 |   187 |    95 ||   443
       Punch             |     2 |    10 |     5 ||    17
Throw: Throwing net      |       |       |     6 ||     6
       Boomerang         |       |       |    10 ||    10
  Use: Scroll            |     5 |     7 |     5 ||    17
       Potion            |       |     1 |       ||     1
 Stab: Sleeping          |     2 |       |       ||     2
Armor: Leather armour    |    34 |       |       ||    34
       Scale mail        |    27 |    41 |     6 ||    74
       Plate armour      |       |       |    31 ||    31
Dodge: Dodged            |   103 |    86 |    39 ||   228

Table legend: (Time is in decaauts)
 A = Elapsed time spent in this place.
 B = Non-inter-level travel time spent in this place.
 C = Inter-level travel time spent in this place.
 D = Time resting spent in this place.
 E = Time spent auto-exploring this place.
 F = Levels seen in this place.
 G = Mean time per level.
                   A        B        C        D        E       F      G
               +--------+--------+--------+--------+--------+-----+--------+
         Total |   7065 |   6902 |    163 |   1207 |   4656 |   8 |  883.1 |
       Dungeon |   7065 |   6902 |    163 |   1207 |   4656 |   8 |  883.1 |
               +--------+--------+--------+--------+--------+-----+--------+

Top non-repeatable levels by time:
     D:6: 1301 daAuts
     D:2: 1290 daAuts
     D:1: 1182 daAuts
     D:5: 924 daAuts
     D:4: 867 daAuts
     D:3: 802 daAuts
     D:7: 686 daAuts
     D:8: 10 daAuts
